AoeStats
← Ratko_Mladic

Four Lakes

503593755Analyzed
4v4 RM · 29d ago on Sep 1, 2026· 32m 9s· 8 players
Game mode
Random Map
Map size
Large (8 player)
Population
200
Speed
Normal
Resources
Standard
Victory
Conquest
Starting age
Dark Age
Ending age
Imperial Age
RankedLock teamsTeams togetherTeam positionsShared explorationLock speedFull tech treeHidden civsTurbo modeCheats
Victory
Defeat
🇨🇳 Portuguese · China
1158
+14
🇹🇼 Gurjaras · Taiwan
1114
+16
🇧🇷 Magyars · Brazil
1105
+16
🇨🇳 Italians · China
1040
+19
🇨🇳 Celts · China
1119
-17
🇨🇿 Franks · Czechia
1109
-16
🇪🇸 Persians · Spain
1107
-16
🇬🇧 Poles · United Kingdom
1089
-15
Ratko_Mladic
11:00 Feudal Age
16:15 Castle Age
14:04 Double-Bit Axe
14:01 Horse Collar
17:11 Heavy Plow
17:24 Bow Saw
22:12 Husbandry
22:24 Bloodlines
22:32 Forging
23:47 Szlachta Privileges
24:10 Loom
marek.rihu
10:50 Feudal Age
12:28 Double-Bit Axe
15:08 Castle Age
17:04 Loom
27:18 Gold Mining
29:53 Fletching
Mr.Young
10:58 Feudal Age
9:40 Loom
15:14 Castle Age
14:38 Double-Bit Axe
juanpeipas
8:13 Loom
10:18 Feudal Age
14:06 Horse Collar
15:00 Double-Bit Axe
19:27 Gold Mining
22:05 Castle Age
23:29 Heavy Plow
23:23 Stone Mining
24:09 Gold Shaft Mining
24:05 Bow Saw
25:01 Wheelbarrow
24:52 Pikeman
26:42 Hand Cart
28:14 Stone Shaft Mining
31:22 Husbandry
31:32 Bloodlines
32:40 Forging
32:36 Scale Barding Armor
烏雲中
6:00 Loom
8:53 Feudal Age
10:23 Double-Bit Axe
15:13 Scale Barding Armor
15:07 Horse Collar
19:00 Bloodlines
20:21 Forging
24:48 Castle Age
26:27 Wheelbarrow
26:15 Chain Barding Armor
26:31 Iron Casting
26:00 Husbandry
28:23 Gold Mining
29:51 Hand Cart
32:05 Bow Saw
32:14 Fletching
Fs. Ô FOKA
7:43 Loom
10:27 Feudal Age
11:06 Double-Bit Axe
14:12 Horse Collar
14:59 Fishing Lines
17:05 Bloodlines
22:23 Castle Age
20:21 Gold Mining
21:44 Scale Barding Armor
22:58 Light Cavalry
23:42 Husbandry
24:05 Chain Barding Armor
25:11 Heavy Plow
26:28 Gillnets
27:27 Fervor
29:03 Wheelbarrow
28:41 Stone Mining
29:54 Bow Saw
32:13 Hand Cart
35:06 Imperial Age
32:22 Town Watch
传奇9號
9:51 Feudal Age
9:30 Loom
13:06 Double-Bit Axe
17:39 Castle Age
15:35 Fishing Lines
20:42 Gillnets
25:51 Bow Saw
29:21 Imperial Age
27:50 Fletching
29:51 Silk Road
29:55 Bodkin Arrow
31:03 Chemistry
31:51 Wheelbarrow
32:26 Conscription
墨染灬青丝丶
4:48 Loom
10:01 Feudal Age
10:50 Double-Bit Axe
11:50 Horse Collar
17:34 Wheelbarrow
20:22 Castle Age
18:20 Stone Mining
19:02 Gold Mining
19:00 Fishing Lines
21:28 Town Watch
22:02 Hand Cart
26:32 Imperial Age
24:29 Treadmill Crane
25:29 Stone Shaft Mining
25:53 Town Watch
26:22 Bow Saw
30:34 Conscription
29:52 Pikeman
30:19 Gambesons
33:04 Chemistry
Connection lost

Rejoining the realm…

Still unreachable

The connection could not be restored.

Session expired

The server has moved on; the page needs a fresh start.